 Dungeon Crawl Stone Soup version 0.29.1-12-g30fa7ad0bf (webtiles) character file.

Game seed: 14345776452694638414

147 cdecastro the Caller (level 5, -7/35 HPs)
             Began as a Barachi Summoner on Jan 15, 2023.
             Mangled by Grinder (8 damage)
             ... on level 3 of the Dungeon on Jan 17, 2023.
             The game lasted 00:12:35 (4000 turns).

cdecastro the Caller (Barachi Summoner)             Turns: 4000, Time: 00:12:36

Health: -7/35      AC:  2    Str: 11    XL:     5   Next: 29%
Magic:  2/8        EV: 12    Int: 16    God:
Gold:   118        SH:  0    Dex: 12    Spells: 2/8 levels left

rFire   . . .      SeeInvis .   k - +0 arbalest
rCold   . . .      Faith    .   (shield currently unavailable)
rNeg    . . .      Spirit   .   a - +0 robe
rPois   .          Reflect  .   (no helmet)
rElec   .          Harm     .   (no cloak)
rCorr   .          Rampage  .   (no gloves)
Will    .....                   (no boots)
Stlth   ++........              (no amulet)
HPRegen 0.11/turn               (no ring)
MPRegen 0.11/turn               (no ring)

@: slow
A: amphibious, slowness 1, strong legs 1, +LOS
a: Hop


You were on level 3 of the Dungeon.
You visited 1 branch of the dungeon, and saw 3 of its levels.

You collected 118 gold pieces.

Inventory:

Hand Weapons
 c - a +0 dagger
 k - a +0 arbalest (weapon)
 n - a +1 flail of protection
Missiles
 i - 8 poisoned darts
Armour
 a - a +0 robe (worn)
 j - a +0 scale mail
Jewellery
 q - an amulet of guardian spirit
Wands
 s - a wand of light (9)
Scrolls
 e - 2 scrolls of poison {unknown}
 f - 2 scrolls of teleportation {unknown}
 l - a scroll of fog {unknown}
 r - a scroll of fear {unknown}
 t - a scroll of magic mapping {unknown}
 v - 3 scrolls of vulnerability {unknown}
 w - a scroll of immolation {unknown}
Potions
 b - a potion of magic
 d - a potion of mutation {unknown}
 g - a potion of flight {unknown}
 h - a potion of degeneration {unknown}
 m - 2 potions of heal wounds {unknown}
 o - a potion of attraction {unknown}
 p - a potion of lignification {unknown}
 u - 3 potions of curing {unknown}


   Skills:
 - Level 2.1 Dodging
 - Level 1.7 Stealth
 - Level 2.1 Spellcasting
 + Level 7.7 Summonings


You had 2 spell levels left.
You knew the following spells:

 Your Spells              Type           Power      Damage    Failure   Level
a - Summon Small Mammal   Summ           100%       N/A       1%          1
b - Call Imp              Summ           26%        N/A       1%          2
c - Call Canine Familiar  Summ           26%        N/A       2%          3

Your spell library contained the following spells:

 Spells                   Type           Power      Damage    Failure   Level
 Blink                    Tloc           2%         N/A       30%         2
 Summon Guardian Golem    Hex/Summ       14%        N/A       12%         3
 Summon Lightning Spire   Summ/Air       14%        N/A       38%         4
 Manifold Assault         Tloc           1%         N/A       99%         5
 Storm Form               Tmut/Air       0%         N/A       100%        7


Dungeon Overview and Level Annotations

Branches:
Dungeon (3/15)

Altars:
Makhleb
Zin

Annotations:
D:3 Grinder


Innate Abilities, Weirdness & Mutations

You are amphibious.
You cover ground slowly.
You can hop short distances.
You have an extended range of vision and can be seen from far away.


Message History

Grinder misses you.
Unknown command.
Fire: k) +0 arbalest
Press: ? - help, Q - select action, (/) - cycle Shift-Dir - straight line, f - Grinder
Aim: Grinder (moderately wounded, 42% to hit)
You shoot a bolt. The bolt hits Grinder!
Grinder is severely wounded.
Grinder gestures at you.
You suddenly lose the ability to move!
Grinder hits you.
You writhe in agony.
Grinder hits you.
You writhe in agony.
Grinder hits you.
* * * LOW HITPOINT WARNING * * *
You writhe in agony.
* * * LOW HITPOINT WARNING * * *
Grinder hits you.
* * * LOW HITPOINT WARNING * * *
You writhe in agony.
* * * LOW HITPOINT WARNING * * *
You can move again.
Unknown command.
Unknown command.
Unknown command.
Unknown command.
Fire: k) +0 arbalest
Press: ? - help, Q - select action, (/) - cycle Shift-Dir - straight line, f/p - Grinder
Aim: Grinder (severely wounded, 42% to hit)
You shoot a bolt. The bolt barely misses Grinder.
Grinder barely misses you. Grinder hits you.
* * * LOW HITPOINT WARNING * * *
You writhe in agony.
* * * LOW HITPOINT WARNING * * *
Unknown command.
Unknown command.
Fire: k) +0 arbalest
Press: ? - help, Q - select action, (/) - cycle Shift-Dir - straight line, f/p - Grinder
Aim: Grinder (severely wounded, 42% to hit)
You shoot a bolt. The bolt hits Grinder!
Grinder is almost dead.
Grinder hits you!
You die...

#..#.###.###.###.#
##.### ###########
#.# #........ #.#
#.#####.. #.###
#.....(.. ###.#
#..###### ###..##
#........
#.#...####.><#####
#@####...###.# #
#5# ##....##.# #
#.# #.....##.# #
##.# #.....##.# #
#..# ##.†####.# #
#.## ##†##.#.# #
##.## #.##.#.# #
####...#####....#.#
#
#...............#.#
#


You could see Grinder.

Vanquished Creatures
  5 gnolls
  2 dart slugs (D:1)
  An orc (D:3)
  A giant cockroach (D:2)
  A goblin (D:2)
  4 hobgoblins
  A jackal (D:2)
  3 ball pythons (D:2)
  4 bats
  A frilled lizard (D:1)
  4 kobolds
  14 rats
41 creatures vanquished.

Vanquished Creatures (collateral kills)
  2 gnolls
  An adder (D:2)
  An orc (D:3)
  A bat (D:1)
  2 endoplasms (D:1)
  3 giant cockroaches
  2 goblins (D:1)
  A jackal (D:2)
  3 quokkas
  A ball python (D:1)
  A frilled lizard (D:1)
  A kobold (D:1)
  10 rats
29 creatures vanquished.

Grand Total: 70 creatures vanquished

Notes
Turn   | Place    | Note
-------+----------+-------------------------------------------
     0 | D:1      | cdecastro the Barachi Summoner began the quest for the Orb.
     0 | D:1      | Reached XP level 1. HP: 13/13 MP: 3/3
    68 | D:1      | Reached skill level 5 in Summonings
   176 | D:1      | Reached XP level 2. HP: 5/19 MP: 1/5
   404 | D:1      | Learned a level 2 spell: Call Imp
   770 | D:1      | Reached XP level 3. HP: 3/24 MP: 1/6
  1041 | D:1      | Reached skill level 6 in Summonings
  1268 | D:1      | Found a faded altar of an unknown god.
  1442 | D:1      | Learned a level 3 spell: Call Canine Familiar
  1924 | D:2      | Reached XP level 4. HP: 30/30 MP: 4/7
  2400 | D:2      | Reached skill level 7 in Summonings
  3250 | D:3      | Reached XP level 5. HP: 32/35 MP: 2/8
  3412 | D:3      | Found a glowing silver altar of Zin.
  3509 | D:3      | Found a faded altar of an unknown god.
  3513 | D:3      | Found a burning altar of Makhleb.
  3533 | D:3      | Noticed Grinder
  3885 | D:3      | Paralysed by Grinder for 5 turns
  3995 | D:3      | Paralysed by Grinder for 4 turns
  3999 | D:3      | HP: 1/35 [Grinder (3)]
  4000 | D:3      | Mangled by Grinder

Illustrated notes

Levels and vault maps discovered:
D:1:      minmay_arrival_radiant_lines, layout_basic,
          nicolae_ecumenical_lake_church, hangedman_abyss_or_decor_lesser_grid,
          nicolae_concentric_dashed_squares_wild, minmay_misc_feat_plants
D:2:      layout_basic
D:3:      layout_loops_ring, nicolae_overflow_ecumenical_swirl,
          mainiacjoe_overflow_surrounded_room, grunt_decor_resistance,
          dk_vineyard_3, minmay_rat_hole, uniq_grinder

Skill      XL: |  1  2  3  4 |
---------------+-------------+-----
Summonings     | 5 6 7 |  7.7
Dodging        | |  2.1
Stealth        | |  1.7
Spellcasting   | |  2.1

Action                   |  1- 3 |  4- 6 || total
-------------------------+-------+-------++-------
Melee: Unarmed           |    14 |       ||    14
       Dagger            |    37 |       ||    37
 Fire: Arbalest          |    15 |    75 ||    90
 Cast: Summon Small Mamm |    22 |     1 ||    23
       Call Imp          |    13 |     4 ||    17
       Call Canine Famil |       |    15 ||    15
 Abil: Hop               |     2 |       ||     2
 Stab: Sleeping          |     3 |       ||     3
Armor: Robe              |    10 |     6 ||    16
Dodge: Dodged            |    46 |    42 ||    88
